 Dungeon Crawl Stone Soup version 0.18.1-8-gdd0e5ea (webtiles) character file.

123 nikopol the Shooter (level 4, -2/30 HPs)
             Began as a High Elf Hunter on June 5, 2016.
             Slain by a gnoll
             ... wielding a +0 spear
              (3 damage)
             ... on level 3 of the Dungeon.
             The game lasted 00:08:33 (2418 turns).

nikopol the Shooter (High Elf Hunter)               Turns: 2418, Time: 00:08:34

Health: -2/30      AC:  5    Str: 12    XL:     4   Next: 79%
Magic:  5/5        EV: 13    Int: 15    God:
Gold:   144        SH:  0    Dex: 18    Spells: 0 memorised, 3 levels left

rFire  . . .     SeeInvis .     x - +1 short sword (speed)
rCold  . . .     Gourm    .     a - +0 leather armour
rNeg   . . .     Faith    .     (no shield)
rPois  .         Spirit   .     o - +0 helmet
rElec  .         Dismiss  .     (no cloak)
rCorr  .         Reflect  .     (no gloves)
SustAt +         Harm     .     g - +0 pair of boots
MR     .....                    (no amulet)
Stlth  ++........               k - +3 ring of dexterity
                                b - ring of sustain attributes

@: not resistant to hostile enchantments, unstealthy
A: no striking features
a: no special abilities


You were on level 3 of the Dungeon.
You were not hungry.

You visited 1 branch of the dungeon, and saw 3 of its levels.

You collected 144 gold pieces.

Inventory:

Hand Weapons
 c - a +1 shortbow
 r - a +0 short sword
 x - a +1 short sword of speed (weapon)
Missiles
 d - 38 arrows
Armour
 a - a +0 leather armour (worn)
 g - a +0 pair of boots (worn)
 o - a +0 helmet (worn)
Jewellery
 b - a ring of sustain attributes (left hand)
 k - a +3 ring of dexterity (right hand)
 q - a +2 ring of protection {unknown}
Scrolls
 h - a scroll of noise {unknown}
 p - a scroll of magic mapping {unknown}
 s - a scroll of recharging {unknown}
 t - 2 scrolls of enchant weapon {unknown}
 u - 3 scrolls of identify {unknown}
 w - a scroll of teleportation {unknown}
 y - a scroll of remove curse {unknown}
 B - a scroll of random uselessness {unknown}
Potions
 e - a potion of cure mutation {unknown}
 i - a potion of lignification {unknown}
 j - a potion of might
 m - a potion of berserk rage {unknown}
 n - 2 potions of curing {unknown}
Books
 l - a book of the Tempests

   Spells                             Type                      Level
   a - Static Discharge               Conjuration/Air              3
   b - Lightning Bolt                 Conjuration/Air              5
   c - Fireball                       Conjuration/Fire             5
   d - Tornado                        Air                          9
   e - Shatter                        Earth                        9
Comestibles
 f - 3 bread rations
 v - 3 fruits
 z - 2 chunks of flesh
 A - a meat ration


   Skills:
 + Level 2.8 Fighting
 + Level 1.7 Short Blades
 * Level 6.2 Bows
 + Level 2.9 Dodging
 + Level 2.6 Stealth


You had 3 spell levels left.
You didn't know any spells.

Dungeon Overview and Level Annotations

Branches:
Dungeon (3/15)

Altars:
Fedhas
Zin


Message History

The gnoll hits you from afar with a spear!
* * * LOW HITPOINT WARNING * * *
You are too injured to fight recklessly!
You are too injured to fight recklessly!
Sorry, you're not good enough to have a special ability.
You hit the gnoll but do no damage.
The gnoll is severely wounded.
The gnoll hits you with a whip.
* * * LOW HITPOINT WARNING * * *
The gnoll barely misses you.
You closely miss the gnoll.
The gnoll is severely wounded.
The gnoll hits you from afar with a spear.
* * * LOW HITPOINT WARNING * * *
The gnoll hits you but does no damage.
You hit the gnoll.
The gnoll is almost dead.
The gnoll barely misses you.
The gnoll hits you from afar with a spear.
You die...

###.....####.##..##(..
.....#.#.#...###.# ...#
######.#.......#..#...# #
#.#.#<..#.##.#...# #
#.#.#.....# .#...# #
#.#.......# .....##.
######......#..# .......
...............###g...###
............#...@gg......
............######.....#.
............# .).....
#...........# ...###.
#...........# .....
#......###### ..>###
#......# .#.# #......#
.#.# #


You could see 3 gnolls.

Vanquished Creatures
  Ijyb (D:2)
  3 adders (D:2)
  2 oozes (D:3)
  A worm (D:3)
  3 dart slugs
  2 giant geckos
  A bat zombie (D:1)
  4 giant cockroaches
  8 goblins
  2 jackals (D:1)
  7 kobolds
  2 ball pythons
  6 bats
  A giant cockroach zombie (D:1)
  2 giant newts
  8 rats
53 creatures vanquished.

Notes
Turn   | Place    | Note
--------------------------------------------------------------
     0 | D:1      | nikopol the High Elf Hunter began the quest for the Orb.
     0 | D:1      | Reached XP level 1. HP: 14/14 MP: 2/2
   161 | D:1      | Reached XP level 2. HP: 19/19 MP: 3/3
   903 | D:2      | Reached XP level 3. HP: 25/25 MP: 4/4
  1096 | D:2      | Noticed Ijyb
  1132 | D:2      | HP: 1/25 [Ijyb/dagger (2)]
  1134 | D:2      | Killed Ijyb
  1390 | D:2      | Reached skill level 1 in Short Blades
  1724 | D:2      | Reached XP level 4. HP: 30/30 MP: 5/5
  1777 | D:2      | Reached skill level 6 in Bows
  1903 | D:2      | Found a glowing silver altar of Zin.
  1908 | D:2      | Found a blossoming altar of Fedhas.
  2417 | D:3      | HP: 1/30 [gnoll/spear (5)]
  2418 | D:3      | Slain by a gnoll

Skill      XL: |  1  2  3  4 |
---------------+-------------+-----
Stealth        | 2 |  2.6
Short Blades   | 1 |  1.7
Bows           | 6 |  6.2
Fighting       | |  2.8
Dodging        | |  2.9

Action                   |  1- 3 |  4- 6 || total
-------------------------+-------+-------++-------
Melee: Short sword       |   115 |    14 ||   129
 Fire: Shortbow          |    61 |    37 ||    98
  Eat: Chunk             |     2 |     3 ||     5
Armor: Leather armour    |    20 |     4 ||    24
Dodge: Dodged            |    83 |     9 ||    92
